 Dungeon Crawl Stone Soup version 0.30-a0-377-g5cb311bc9f (webtiles) character file.

Game seed: 16723753777788344856

3929 Raultor the Carver (level 10, -10/56 HPs)
             Began as a Vine Stalker Fighter on Nov 28, 2022.
             Mangled by a gnoll sergeant
             ... wielding a +0 bardiche
              (21 damage)
             ... in a bailey.
             The game lasted 00:16:44 (6200 turns).

Raultor the Carver (Vine Stalker Fighter)           Turns: 6200, Time: 00:16:45

Health: -10/56     AC: 12    Str: 18    XL:     10   Next: 21%
Magic:  0/11       EV: 10    Int:  8    God:
Gold:   801        SH:  6    Dex: 19    Spells: 9/9 levels left

rFire   . . .      SeeInvis .    t - +2 scimitar (flame)
rCold   . . .      Faith    .    c - +0 buckler
rNeg    . . .      Spirit   +    b - +0 scale mail
rPois   .          Reflect  .    (no helmet)
rElec   .          Harm     .    h - +0 cloak
rCorr   .          Rampage  .    (no gloves)
Will    +....                    (no boots)
Stlth   ..........               l - amulet of regeneration
HPRegen 1.89/turn                Z - ring of wizardry
MPRegen 0.12/turn                T - +4 ring of protection

@: weakened, invisible
A: fangs 3, regeneration 1, magic shield, antimagic bite, no potion heal 2
a: no special abilities


You were in a bailey.
You visited 2 branches of the dungeon, and saw 8 of its levels.
You also visited: Bailey.

You collected 948 gold pieces.
You spent 147 gold pieces at shops.


Innate Abilities, Weirdness & Mutations

You have razor-sharp teeth.
Your natural rate of healing is unusually fast.
When hurt, damage is shared between your health and your magic reserves.
Your bite disrupts and absorbs the magic of your enemies.
Potions cannot restore your health.


   Skills:
 + Level 7.8 Fighting
 + Level 10.2 Long Blades
 * Level 3.5 Armour
 * Level 1.5 Dodging
 - Level 4.0 Shields


You had 9 spell levels left.
You didn't know any spells.
Your spell library contained the following spells:

 Spells                   Type           Power      Damage    Failure   Level
 Gell's Gravitas          Tloc           0%         N/A       88%         3
 Ignite Poison            Fire/Tmut/Pois 0%         N/A       88%         3
 Kindle Blastsparks       Fire/Tloc/Air  0%         2d10      88%         3
 Teleport Other           Tloc           0%         N/A       88%         3
 Vhi's Electric Charge    Tloc/Air       0%         N/A       88%         3
 Leda's Liquefaction      Hex/Erth       0%         N/A       99%         4
 Arcjolt                  Conj/Air       0%         1d10      100%        5
 Freezing Cloud           Conj/Ice/Air   0%         6-21      100%        5
 Lee's Rapid Deconstruct  Erth           0%         3d4*      100%        5
 Dispersal                Tloc           0%         N/A       100%        6
 Statue Form              Tmut/Erth      0%         N/A       100%        6
 Maxwell's Capacitive Co  Air            0%         ∞         100%        8

Inventory:

Hand Weapons
 a - a +0 long sword
 t - a +2 scimitar of flaming (weapon)
 H - the +4 rapier "Yzxoeh" {holy, rN+ MP+9 Str+2 Int+5}
   (You found it on level 6 of the Dungeon)

   It has been blessed by the Shining One to cause great damage to the undead
   and demons.
   Str:       It affects your strength (+2).
   Int:       It affects your intelligence (+5).
   rN:        It protects you from negative energy.
   MP:        It affects your magic capacity (+9).
Missiles
 o - 4 throwing nets {=f}
Armour
 b - a +0 scale mail (worn)
 c - a +0 buckler (worn)
 h - a +0 cloak (worn)
 i - a +2 helmet
Jewellery
 l - an amulet of regeneration (around neck)
 G - an amulet of the acrobat
 I - an amulet of faith {!P}
 T - a +4 ring of protection (right hand)
 Z - a ring of wizardry (left hand)
Wands
 J - a wand of digging (7)
 K - a wand of flame (16)
Scrolls
 e - a scroll of magic mapping {unknown}
 g - 2 scrolls of poison {unknown}
 j - 4 scrolls of immolation
 k - 2 scrolls of summoning {unknown}
 n - 6 scrolls of identify {@r1}
 p - a scroll of silence {unknown}
 v - a scroll of fog {unknown}
 w - a scroll of blinking {unknown}
 x - 2 scrolls of teleportation {unknown}
 y - a scroll of torment {unknown}
 C - a scroll of fear {unknown}
 D - a scroll of vulnerability {unknown}
 F - a scroll of enchant armour {unknown}
Potions
 d - a potion of might
 f - 2 potions of flight {unknown}
 m - a potion of degeneration {unknown}
 q - 4 potions of curing {unknown}
 r - 6 potions of brilliance {unknown}
 u - 2 potions of experience {unknown}
 z - a potion of lignification {unknown}
 A - 2 potions of heal wounds {unknown}
 B - a potion of cancellation
 E - 2 potions of magic {unknown}
 L - a potion of attraction {unknown}

Dungeon Overview and Level Annotations

Branches:
Dungeon (7/15)             Temple (1/1) D:4          Bailey (1/1)

Altars:
Ashenzari
Dithmenos
Elyvilon
Fedhas
Gozag
Hepliaklqana
Kikubaaqudgha
Makhleb
Nemelex Xobeh
Qazlal
Ru
Sif Muna
Trog
Vehumet
Xom
Yredelemnul
Zin
The Shining One

Shops:
D:2 *[ D:4

( ♣♣♣...........♣♣♣
♣...............♣
≈≈≈≈≈≈≈)).≈≈≈≈≈≈≈♣
≈...............≈≈♣
.................≈♣
.▒▒▒▒▒▒'''▒▒▒▒▒▒.≈♣
▒...▒ .≈♣
▒▒▒▒▒+▒..)▒ ▒≈♣
▒.....▒.@)▒ ≈♣
▒8... ▒▒'▒▒
▒....▒▒ggg▒▒
..g▒▒..gg.▒▒ ..▒
g.▒.......▒ ..▒
▒▒▒†▒...8...▒...▒
▒.g.▒.......▒...▒
▒..g▒▒.....▒▒...▒
▒....▒▒.).▒▒....▒


You could see 2 gnoll sergeants, a gnoll bouda (unable to see you) and 2 gnolls.


Message History

The gnoll sergeant hits you from afar with a +0 bardiche.
* * * LOW HITPOINT WARNING * * *
You struggle against the net.
The gnoll sergeant hits you but does no damage.
You struggle against the net.
The gnoll bouda barks out a call to the hunt!
The gnolls pick up the pace!
The gnoll sergeant hits you from afar with a +0 bardiche!
* * * LOW HITPOINT WARNING * * *
You struggle against the net.
The gnoll sergeant hits you but does no damage.
You shred the net and break free! The gnoll sergeant misses you.
The gnoll sergeant hits you from afar with a +0 glaive.
* * * LOW HITPOINT WARNING * * *
The gnoll hits you from afar with a +0 trident!
* * * LOW HITPOINT WARNING * * *
The gnoll bouda gazes fiercely through you!
You feel your attacks grow feeble.
Things that are here:
a +0 trident; a +0 chain mail The gnoll bouda gazes fiercely through something!
You feel as though you will be weak longer.
There is an open door here.
The gnoll sergeant hits you from afar with a +0 glaive!
* * * LOW HITPOINT WARNING * * *
You block the gnoll's attack.
Items here: )) [[ ÷.
You fade into invisibility!
The gnoll sergeant hits you from afar with a +0 bardiche!!
You die...

Skill      XL: |  1  2  3  4  5  6  7  8  9 10 |
---------------+-------------------------------+-----
Long Blades    | 2 3 4 5 7 10 | 10.2
Shields        | 3 4 |  4.0
Fighting       | 3 4 5 6 7 |  7.8
Armour         | 3 |  3.5
Dodging        | 1 |  1.5

Action                   |  1- 3 |  4- 6 |  7- 9 | 10-12 || total
-------------------------+-------+-------+-------+-------++-------
Melee: Long sword        |   103 |    85 |       |       ||   188
       Bite              |    16 |    32 |    78 |    31 ||   157
       Scimitar          |       |    35 |   229 |    72 ||   336
  Use: Scroll            |       |       |     2 |       ||     2
       Potion            |       |       |       |     1 ||     1
Armor: Scale mail        |    71 |    47 |   114 |    30 ||   262
Dodge: Dodged            |    47 |    38 |   119 |    39 ||   243
Block: Buckler           |    17 |    27 |    62 |    20 ||   126

Levels and vault maps discovered:
D:1:      minmay_arrival_floating_metal, layout_loops_corners
D:2:      layout_rooms, serial_shops, nicolae_shop_overgrown_old_shop,
          nicolae_shop_advertising_works [nicolae_subvault_shop_adworks],
          basic_altar, uniq_robin
D:3:      layout_basic, mainiacjoe_overflow_24_doors,
          yredelemnul_forgotten_temple_becter, minmay_splitting_lines
D:4:      layout_loops_corners, mainiacjoe_overflow_big_doors, temple_doors_cd,
          serial_shops, nicolae_shop_crystal, ebering_ghost_reflecting_pool,
          uniq_edmund, uniq_menkaure, uniq_sigmund
D:5:      layout_layer_cave, gammafunk_temple_overflow_pools,
          gammafunk_ghost_necromancy, hangedman_decor_lopped
D:6:      layout_loops_corners, kennysheep_path_1, minmay_three_doors,
          uniq_duvessa
D:7:      layout_rooms, lemuel_doored_altar, cheibrodos_worm_habitat,
          enter_bailey_6
Temple:   compressed_dpeg_triangle_lava_temple
Bailey:   bailey_polearm_gnolls_kennysheep, bailey

Notes
Turn   | Place    | Note
-------+----------+-------------------------------------------
     0 | D:1      | Raultor the Vine Stalker Fighter began the quest for the
                  | Orb.
     0 | D:1      | Reached XP level 1. HP: 11/11 MP: 2/2
   128 | D:1      | Reached XP level 2. HP: 12/16 MP: 1/3
   176 | D:1      | Reached skill level 2 in Long Blades
   647 | D:1      | Reached skill level 3 in Shields
   679 | D:1      | Reached skill level 3 in Fighting
   679 | D:1      | Reached XP level 3. HP: 20/20 MP: 2/4
  1225 | D:2      | Found a glowing silver altar of Zin.
  1244 | D:2      | Noticed Robin
  1257 | D:2      | Gained mutation: Your natural rate of healing is unusually
                  | fast. [Vine Stalker growth]
  1257 | D:2      | Reached XP level 4. HP: 24/24 MP: 5/5
  1277 | D:2      | Killed Robin
  1324 | D:2      | Reached skill level 3 in Armour
  1471 | D:2      | Found Gokhlit's Assorted Antiques.
  1535 | D:2      | Found Zobluas's Armour Boutique.
  1707 | D:3      | Reached XP level 5. HP: 24/28 MP: 6/6
  1711 | D:3      | Reached skill level 3 in Long Blades
  1910 | D:3      | Found a sacrificial altar of Ru.
  2128 | D:2      | Bought a glowing scimitar for 147 gold pieces
  2479 | D:3      | Found a basalt altar of Yredelemnul.
  2668 | D:4      | Noticed Menkaure
  2675 | D:4      | Killed Menkaure
  2676 | D:4      | Reached XP level 6. HP: 32/33 MP: 7/7
  2871 | D:4      | Reached skill level 4 in Long Blades
  2878 | D:4      | Found a staircase to the Ecumenical Temple.
  3043 | D:4      | Reached skill level 4 in Fighting
  3043 | D:4      | Reached skill level 4 in Shields
  3047 | D:4      | Found Miogod's Antique Weapon Shop.
  3110 | Temple   | Entered the Ecumenical Temple
  3232 | D:4      | Found a runed translucent door.
  3245 | D:4      | Noticed Edmund
  3255 | D:4      | Killed Edmund
  3256 | D:4      | Reached XP level 7. HP: 38/38 MP: 8/8
  3351 | D:4      | Noticed Sigmund
  3361 | D:4      | Killed Sigmund
  3362 | D:4      | Reached skill level 5 in Long Blades
  3437 | D:4      | Found a shimmering altar of Xom.
  3478 | D:4      | Found an ancient bone altar of Kikubaaqudgha.
  3606 | D:4      | Noticed NoAnimeNoLife's ghost (amateur GrFi)
  3624 | D:4      | Killed NoAnimeNoLife's ghost
  3625 | D:4      | Reached skill level 5 in Fighting
  3625 | D:4      | Gained mutation: You have razor-sharp teeth. [Vine Stalker
                  | growth]
  3625 | D:4      | Reached XP level 8. HP: 24/43 MP: 4/9
  3681 | D:5      | Entered Level 5 of the Dungeon
  3696 | D:5      | Reached skill level 6 in Long Blades
  3957 | D:5      | Found a hazy altar of Hepliaklqana.
  3957 | D:5      | Found a shimmering blue altar of Sif Muna.
  4070 | D:5      | Found a runed translucent gate.
  4070 | D:5      | Found a runed translucent gate.
  4071 | D:5      | Found a runed translucent gate.
  4375 | D:5      | Noticed Haldmier's ghost (weakling AtDe)
  4543 | D:5      | Killed Haldmier's ghost
  4651 | D:6      | Reached skill level 7 in Long Blades
  4842 | D:6      | Reached skill level 6 in Fighting
  4869 | D:6      | Identified the +4 rapier "Yzxoeh" {holy, rN+ MP+9 Str+2
                  | Int+5}
  4908 | D:6      | Reached XP level 9. HP: 35/48 MP: 6/10
  5085 | D:6      | Reached skill level 8 in Long Blades
  5116 | D:6      | Noticed a two-headed ogre
  5122 | D:6      | Killed a two-headed ogre
  5123 | D:6      | Reached skill level 9 in Long Blades
  5285 | D:6      | Reached skill level 7 in Fighting
  5732 | D:6      | Noticed Duvessa
  5732 | D:6      | Noticed Dowan
  5742 | D:6      | Killed Duvessa
  5745 | D:6      | Killed Dowan
  5858 | D:7      | Found a flagged portal.
  5883 | Bailey   | Entered a bailey
  6030 | Bailey   | Reached skill level 10 in Long Blades
  6030 | Bailey   | Reached XP level 10. HP: 44/55 MP: 6/11
  6071 | Bailey   | Reached skill level 1 in Dodging
  6200 | Bailey   | Mangled by a gnoll sergeant

Vanquished Creatures
  A two-headed ogre (D:6)
  Sigmund (D:4)
  The ghost of NoAnimeNoLife the Chopper, an amateur GrFi of Okawaru (D:4)
  A vampire (D:6)
  Edmund (D:4)
  A steam dragon (D:6)
  Menkaure (D:4)
  Duvessa (D:6)
  An ice beast (D:6)
  A black bear (D:6)
  5 wolves (Bailey)
  An ogre (D:6)
  2 centaurs (D:6)
  6 gnoll sergeants (Bailey)
  2 scorpions
  A wyvern zombie (D:5)
  A necrophage (D:5)
  Dowan (D:6)
  A bullfrog zombie (D:5)
  5 hounds
  A centaur skeleton (D:5)
  5 gnoll boudas (Bailey)
  2 bullfrog skeletons (D:5)
  2 iguanas (D:6)
  4 orc wizards
  Robin (D:2)
  16 gnolls
  9 adders
  2 white imps (D:6)
  3 worms
  The ghost of Haldmier the Sneak, a weakling AtDe (D:5)
  10 orcs
  6 bats
  4 endoplasms
  3 giant cockroaches
  13 goblins
  10 hobgoblins
  3 quokkas
  10 ball pythons
  5 frilled lizards
  2 kobolds (D:1)
  4 rats
  A spectral orc (D:3)
152 creatures vanquished.

Table legend: (Time is in decaauts)
 A = Elapsed time spent in this place.
 B = Non-inter-level travel time spent in this place.
 C = Inter-level travel time spent in this place.
 D = Time resting spent in this place.
 E = Time spent auto-exploring this place.
 F = Levels seen in this place.
 G = Mean time per level.
                   A        B        C        D        E       F      G
               +--------+--------+--------+--------+--------+-----+--------+
         Total |   6287 |   6110 |    177 |      0 |   4877 |   9 |  698.6 |
       Dungeon |   5913 |   5739 |    174 |      0 |   4718 |   7 |  844.7 |
        Temple |     65 |     62 |      3 |      0 |     54 |   1 |   65.0 |
        Bailey |    307 |    307 |      0 |      0 |    105 |   1 |  307.0 |
               +--------+--------+--------+--------+--------+-----+--------+

Top non-repeatable levels by time:
     D:6: 1232 daAuts
     D:1: 1111 daAuts
     D:4: 991 daAuts
     D:3: 989 daAuts
     D:5: 944 daAuts
     D:2: 613 daAuts
  Bailey: 307 daAuts
  Temple: 65 daAuts
     D:7: 31 daAuts

Table legend:
 A = Non-vault XP
 B = Vault XP
 C = Vault XP percentage of total XP
 D = Non-vault monster count
 E = Vault monster count
 F = Vault count percentage of total count
                 A         B        C        D         E       F
            +---------+---------+-------+---------+---------+-------
      Total |    1676 |    3937 |  70.1 |      93 |      59 |  38.8
            +---------+---------+-------+---------+---------+-------
        D:1 |      36 |       0 |   0.0 |      24 |       0 |   0.0
        D:2 |      57 |      37 |  39.4 |      11 |      13 |  54.2
        D:3 |     120 |       1 |   0.8 |      23 |       1 |   4.2
        D:4 |     149 |     815 |  84.5 |       7 |       4 |  36.4
        D:5 |     251 |     260 |  50.9 |       5 |       6 |  54.5
        D:6 |     987 |    1271 |  56.3 |      19 |       5 |  20.8
        D:7 |      76 |       0 |   0.0 |       4 |       0 |   0.0
     Bailey |       0 |    1553 | 100.0 |       0 |      30 | 100.0
            +---------+---------+-------+---------+---------+-------
